 Dungeon Crawl Stone Soup version 0.20.1-1-g8b1a95d (webtiles) character file.

646 polve the Slasher (level 7, -4/35 HPs)
             Began as a Vine Stalker Fighter on July 12, 2017.
             Slain by an iguana (8 damage)
             ... on level 4 of the Dungeon.
             The game lasted 00:04:14 (3548 turns).

polve the Slasher (Vine Stalker Fighter)            Turns: 3548, Time: 00:04:15

Health: -4/35      AC:  7    Str: 19    XL:     7   Next: 52%
Magic:  0/8        EV:  7    Int:  8    God:
Gold:   164        SH:  9    Dex: 15    Spells: 6/6 levels left

rFire    . . .     SeeInvis .   a - +0 long sword
rCold    . . .     Gourm    .   c - +0 shield
rNeg     . . .     Faith    .   b - +0 scale mail
rPois    .         Spirit   +   (no helmet)
rElec    .         Reflect  .   t - +0 cloak
rCorr    .         Harm     .   (no gloves)
MR       .....                  (no boots)
Stlth    ..........             (no amulet)
Regen    0.6/turn               (no ring)
MPRegen  0.2/turn               (no ring)

@: slowed, very slow
A: fangs 2, regeneration 1, magic shield, antimagic bite, no potion heal 3, rot
immunity
a: no special abilities


You were on level 4 of the Dungeon.
You were not hungry.

You visited 1 branch of the dungeon, and saw 6 of its levels.

You collected 164 gold pieces.

Inventory:

Hand Weapons
 a - a +0 long sword (weapon)
Armour
 b - a +0 scale mail (worn)
 c - a +0 shield (worn)
 t - a +0 cloak (worn)
Jewellery
 g - an uncursed ring of fire {unknown}
Wands
 q - a wand of disintegration (8/24)
Scrolls
 h - 2 scrolls of identify {unknown}
 i - 6 scrolls of teleportation {unknown}
 k - 2 scrolls of remove curse {unknown}
 l - a scroll of immolation {unknown}
 w - a scroll of noise {unknown}
 y - a scroll of recharging {unknown}
Potions
 d - a potion of might
 e - 4 potions of flight {unknown}
 j - 2 potions of agility {unknown}
 n - a potion of heal wounds {unknown}
 o - 3 potions of curing {unknown}
 u - 2 potions of lignification {unknown}
 v - a potion of cancellation {unknown}
 z - 2 potions of invisibility {unknown}
 B - a potion of mutation {unknown}
 C - a potion of resistance {unknown}
Books
 s - a book of Maledictions

   Spells                             Type                      Level
   a - Corona                         Hexes                        1
   b - Ensorcelled Hibernation        Hexes/Ice                    2
   c - Confuse                        Hexes                        3
   d - Tukima's Dance                 Hexes                        3
   e - Dazzling Spray                 Conjuration/Hexes            3
 x - a book of Changes

   Spells                             Type                      Level
   a - Beastly Appendage              Transmutation                1
   b - Sticks to Snakes               Transmutation                2
   c - Spider Form                    Transmutation/Poison         3
   d - Ice Form                       Ice/Transmutation            4
   e - Blade Hands                    Transmutation                5
Comestibles
 f - 3 bread rations
 m - 2 royal jellies
 r - 3 fruits
 A - a meat ration


   Skills:
 - Level 2.6 Fighting
 + Level 7.5 Long Blades
 - Level 2.4 Armour
 - Level 2.6 Shields


You had 6 spell levels left.
You didn't know any spells.

Dungeon Overview and Level Annotations

Branches:
Dungeon (6/15)
 Temple: D:4-7

Altars:
Yredelemnul

Annotations:
D:4 Grinder


Innate Abilities, Weirdness & Mutations

You have extremely sharp teeth.
Your natural rate of healing is unusually fast.
When hurt, damage is shared between your health and your magic reserves.
Your bite disrupts and absorbs the magic of your enemies.
Potions cannot restore your health.
You are immune to rotting.


Message History

The orc wizard barely misses you.
The iguana bites you but does no damage.
You block the orc wizard's attack.
The orc priest calls down the wrath of Beogh upon you.
Beogh smites you!
* * * LOW HITPOINT WARNING * * *
The iguana bites you!
* * * LOW HITPOINT WARNING * * *
You slash the orc priest!
The orc priest is severely wounded.
The orc wizard gestures wildly while chanting.
The orc wizard blinks!
The orc priest hits you with a falchion.
* * * LOW HITPOINT WARNING * * *
The iguana bites you.
* * * LOW HITPOINT WARNING * * *
You hit the orc priest. Your bite misses the orc priest.
The orc priest is almost dead.
The iguana bites you!
You die...

......>...# ##...#####...
..........# ###........#
..........# #...######.#
.[........# #.#>## #.#
#........## ###.#..## #..
#........# #...##..####..
.........#######.#####>......
...$#.l§..............#.
.....oo@....#########...
...o######### #... . #.## #.#
#.# #.# #.# #.


You could see an iguana, an orc priest, an orc wizard and an orc.

Vanquished Creatures
  An ogre (D:5)
  A gnoll sergeant (D:5)
  2 water moccasin skeletons
  A hound (D:5)
  An orc wizard (D:3)
  Crazy Yiuf (D:3)
  3 worker ants
  A hound zombie (D:5)
  8 gnolls (D:5)
  6 adders
  A shadow imp (D:5)
  An ooze (D:1)
  An adder skeleton (D:5)
  A worm (D:4)
  2 dart slugs
  2 leopard geckos
  11 orcs
  2 ball pythons
  A giant cockroach (D:1)
  8 goblins
  4 hobgoblins
  3 jackals (D:1)
  A ball python skeleton (D:4)
  A ball python zombie (D:3)
  4 bats
  4 frilled lizards
  A jackal skeleton (D:5)
  8 kobolds
  8 rats
89 creatures vanquished.

Notes
Turn   | Place    | Note
-------+----------+-------------------------------------------
     0 | D:1      | polve the Vine Stalker Fighter began the quest for the Orb.
     0 | D:1      | Reached XP level 1. HP: 11/11 MP: 2/2
    38 | D:1      | Reached skill level 2 in Long Blades
   194 | D:1      | Reached XP level 2. HP: 13/16 MP: 1/3
   436 | D:1      | Reached skill level 3 in Long Blades
   582 | D:1      | Reached XP level 3. HP: 19/19 MP: 4/4
  1343 | D:2      | Gained mutation: Your natural rate of healing is unusually fast. [Vine Stalker growth]
  1343 | D:2      | Reached XP level 4. HP: 23/23 MP: 5/5
  1607 | D:3      | Reached skill level 4 in Long Blades
  1675 | D:3      | Found a runed door.
  1679 | D:3      | Noticed Crazy Yiuf
  1683 | D:3      | Killed Crazy Yiuf
  1796 | D:3      | Reached XP level 5. HP: 26/27 MP: 6/6
  1880 | D:3      | Reached skill level 5 in Long Blades
  2637 | D:4      | Reached XP level 6. HP: 24/32 MP: 5/7
  2723 | D:4      | Got an ichor-stained robe
  2734 | D:4      | Identified the +2 robe "Emorujow" {*Corrode rPois rF+} (You found it on level 4 of the Dungeon)
  2826 | D:4      | Noticed Grinder
  2852 | D:5      | Entered Level 5 of the Dungeon
  2892 | D:5      | Reached skill level 6 in Long Blades
  3027 | D:5      | Found a basalt altar of Yredelemnul.
  3052 | D:5      | Reached XP level 7. HP: 26/35 MP: 5/8
  3174 | D:5      | Reached skill level 7 in Long Blades
  3548 | D:4      | Slain by an iguana

Skill      XL: |  1  2  3  4  5  6  7 |
---------------+----------------------+-----
Long Blades    | 2 3 4 5 6 7 |  7.5
Fighting       | |  2.6
Armour         | |  2.4
Shields        | |  2.6

Action                   |  1- 3 |  4- 6 |  7- 9 || total
-------------------------+-------+-------+-------++-------
Melee: Long sword        |    88 |   135 |    64 ||   287
       Bite              |    16 |    51 |    24 ||    91
  Eat: Chunk             |     1 |     6 |     2 ||     9
Armor: Scale mail        |    37 |    47 |    29 ||   113
Dodge: Dodged            |    20 |    46 |    16 ||    82
Block: Shield            |    41 |    68 |    30 ||   139
       Rpst.: Long sword |     3 |    10 |     2 ||    15
